Workbook

Sheet SUMMARY
A2: Project ID:
A4: Address:
A6: No. of Floors:
A8: Building GSF | B8: 22332
A10: DIVISION NO. | B10: DESCRIPTION | C10: TOTAL DIV. COST | D10: TOTAL DIV. COST (PER SF)
A11: 1000 | B11: General Requirements | C11: ='MATERIAL TAKE-OFF'!P19 -> 332934.19 | D11: =C11/$B$8 -> 14.908391
A12: 2000 | B12: Demolition/Site Work | C12: ='MATERIAL TAKE-OFF'!P37 -> 39101.388 | D12: =C12/$B$8 -> 1.750913
A13: 3000 | B13: Concrete | C13: ='MATERIAL TAKE-OFF'!P84 -> 107271.62 | D13: =C13/$B$8 -> 4.8034936
A14: 5000 | B14: Metals | C14: ='MATERIAL TAKE-OFF'!P128 -> 178327.58 | D14: =C14/$B$8 -> 7.9852936
A15: 6000 | B15: Wood, Plastics and Composites | C15: ='MATERIAL TAKE-OFF'!P177 -> 60439.676 | D15: =C15/$B$8 -> 2.7064157
A16: 7000 | B16: Thermal and Moisture Protection | C16: ='MATERIAL TAKE-OFF'!P202 -> 58507.019 | D16: =C16/$B$8 -> 2.6198737
A17: 8000 | B17: Openings | C17: ='MATERIAL TAKE-OFF'!P232 -> 139041.31 | D17: =C17/$B$8 -> 6.2261019
A18: 9000 | B18: Finishes | C18: ='MATERIAL TAKE-OFF'!P640 -> 493976.44 | D18: =C18/$B$8 -> 22.119669
A19: 10000 | B19: Specialties | C19: ='MATERIAL TAKE-OFF'!P656 -> 25655.366 | D19: =C19/$B$8 -> 1.1488163
A20: 11000 | B20: Appliances | C20: ='MATERIAL TAKE-OFF'!P667 -> 29524.54 | D20: =C20/$B$8 -> 1.3220733
A21: 12000 | B21: Furnishes | C21: ='MATERIAL TAKE-OFF'!P691 -> 55611.158 | D21: =C21/$B$8 -> 2.4902005
A22: 22000 | B22: Plumbing | C22: ='MATERIAL TAKE-OFF'!P732 -> 65147.789 | D22: =C22/$B$8 -> 2.9172393
A23: 23000 | B23: HVAC/Mechanical | C23: ='MATERIAL TAKE-OFF'!P805 -> 256201.35 | D23: =C23/$B$8 -> 11.472387
A24: 26000 | B24: Electrical | C24: ='MATERIAL TAKE-OFF'!P884 -> 263997.56 | D24: =C24/$B$8 -> 11.821492
A25: 31000 | B25: Earthwork | C25: ='MATERIAL TAKE-OFF'!P891 -> 745396.46 | D25: =C25/$B$8 -> 33.377953
A26: 32000 | B26: Exterior Improvement | C26: ='MATERIAL TAKE-OFF'!P997 -> 745150.32 | D26: =C26/$B$8 -> 33.366932
A27: 33000 | B27: Utilities | C27: ='MATERIAL TAKE-OFF'!P1018 -> 58003.205 | D27: =C27/$B$8 -> 2.5973135
A28: PROJECTED COST | C28: =SUM(C11:C27) -> 3654287 | D28: =SUM(D11:D27) -> 163.63456
A30: OVERHEAD AND PROFIT | B30: 0.2 | C30: =$C$28*B30 -> 730857.39 | D30: =$D$28*B30 -> 32.726912
A31: INSURANCE | B31: 0.03 | C31: =$C$28*B31 -> 109628.61 | D31: =$D$28*B31 -> 4.9090368
A32: CONTINGENCY | B32: 0.05 | C32: =$C$28*B32 -> 182714.35 | D32: =$D$28*B32 -> 8.1817279
A33: SUGGESTED BASE BID | C33: =SUM(C28:C32) -> 4677487.3 | D33: =SUM(D28:D32) -> 209.45224

Sheet MATERIAL TAKE-OFF
A3: Project: | B3: =SUMMARY!B2 -> 0
A5: Address: | B5: =SUMMARY!B4 -> 0
A7: Scope: | B7: FULL SCOPE
A9: Date: | B9: =TODAY() -> 46050
A10: SR # | B10: REF | C10: DESCRIPTION | D10: QUANTITY | E10: UNIT | F10: WASTAGE | G10: QUANTITY W/ WASTAGE | H10: LABOR HOURS | I10: WAGES | J10: TOTAL LABOR HOUR | K10: TOTAL LABOUR COST | L10: MATERIAL RATE | M10: TOTAL MATETRIAL COST | N10: EQUIPMENT RATE | O10: TOTAL EQUIPMENT COSTS | P10: SUB COST
B11: 01. GENERAL REQUIREMENTS
A12: 1 | C12: Supervision and Coordination | D12: 1 | E12: LS | F12: 0 | G12: =(F12*D12)+D12 -> 1 | H12: =2%*$Q$12/I12 -> 714.22116 | I12: 93.23 | J12: =H12*G12 -> 714.22116 | K12: =I12*J12 -> 66586.839 | L12: 0 | M12: =L12*G12 -> 0 | N12: 0 | O12: =N12*G12 -> 0 | P12: =IF(D12="","",(K12+M12+O12)) -> 66586.839 | Q12: =SUM(P22:P1018)/2 -> 3329341.9
A13: =A12+1 -> 2 | C13: Submittals and Shop drawings | D13: 1 | E13: LS | F13: 0 | G13: =(F13*D13)+D13 -> 1 | H13: =1.65%*$Q$12/I13 -> 589.23246 | I13: 93.23 | J13: =H13*G13 -> 589.23246 | K13: =I13*J13 -> 54934.142 | L13: 0 | M13: =L13*G13 -> 0 | N13: 0 | O13: =N13*G13 -> 0 | P13: =IF(D13="","",(K13+M13+O13)) -> 54934.142
A14: =A13+1 -> 3 | C14: Final Cleaning | D14: 1 | E14: LS | F14: 0 | G14: =(F14*D14)+D14 -> 1 | H14: =0.85%*$Q$12/I14 -> 303.54399 | I14: 93.23 | J14: =H14*G14 -> 303.54399 | K14: =I14*J14 -> 28299.406 | L14: 0 | M14: =L14*G14 -> 0 | N14: 0 | O14: =N14*G14 -> 0 | P14: =IF(D14="","",(K14+M14+O14)) -> 28299.406
A15: =A14+1 -> 4 | C15: Mobilization Costs | D15: 1 | E15: LS | F15: 0 | G15: =(F15*D15)+D15 -> 1 | H15: =2.02%*$Q$12/I15 -> 721.36337 | I15: 93.23 | J15: =H15*G15 -> 721.36337 | K15: =I15*J15 -> 67252.707 | L15: 0 | M15: =L15*G15 -> 0 | N15: 0 | O15: =N15*G15 -> 0 | P15: =IF(D15="","",(K15+M15+O15)) -> 67252.707
A16: =A15+1 -> 5 | C16: Bond @ 2% | D16: 1 | E16: LS | F16: 0 | G16: =(F16*D16)+D16 -> 1 | H16: =2%*$Q$12/I16 -> 714.22116 | I16: 93.23 | J16: =H16*G16 -> 714.22116 | K16: =I16*J16 -> 66586.839 | L16: 0 | M16: =L16*G16 -> 0 | N16: 0 | O16: =N16*G16 -> 0 | P16: =IF(D16="","",(K16+M16+O16)) -> 66586.839
A17: =A16+1 -> 6 | C17: Temporary Control & Facilities | D17: 1 | E17: LS | F17: 0 | G17: =(F17*D17)+D17 -> 1 | H17: =0.98%*$Q$12/I17 -> 349.96837 | I17: 93.23 | J17: =H17*G17 -> 349.96837 | K17: =I17*J17 -> 32627.551 | L17: 0 | M17: =L17*G17 -> 0 | N17: 0 | O17: =N17*G17 -> 0 | P17: =IF(D17="","",(K17+M17+O17)) -> 32627.551
A18: =A17+1 -> 7 | C18: Scaffolding | D18: 1 | E18: LS | F18: 0 | G18: =(F18*D18)+D18 -> 1 | H18: =0.5%*$Q$12/I18 -> 178.55529 | I18: 93.23 | J18: =H18*G18 -> 178.55529 | K18: =I18*J18 -> 16646.71 | L18: 0 | M18: =L18*G18 -> 0 | N18: 0 | O18: =N18*G18 -> 0 | P18: =IF(D18="","",(K18+M18+O18)) -> 16646.71
A19: =IF(E19=0,"",1+MAX(A13:A18)) | O19: SUBTOTAL | P19: =SUM(P12:P18) -> 332934.19
A20: =IF(E20=0,"",1+MAX(A14:A19))
A21: =IF(E21=0,"",1+MAX(A15:A20)) | B21: 02. EXISTING CONDITIONS/SITE WORK
A22: =IF(E22=0,"",1+MAX(A20:A21)) | C22: MEP Demolition
A23: =IF(D23=0,"",1+MAX(A$12:A22)) -> 8 | C23: Remove 200W Parking Lot Pole Light | D23: 10 | E23: EA | F23: 0 | G23: =(F23*D23)+D23 -> 10 | H23: 3.951 | I23: 55.79 | J23: =H23*G23 -> 39.51 | K23: =I23*J23 -> 2204.2629 | M23: =L23*G23 -> 0 | N23: 0 | O23: =N23*G23 -> 0 | P23: =IF(D23="","",(K23+M23+O23)) -> 2204.2629
A24: =IF(D24=0,"",1+MAX(A$12:A23)) -> 9 | C24: Remove Existing Pole Lights. | D24: 13 | E24: EA | F24: 0 | G24: =(F24*D24)+D24 -> 13 | H24: 3.578 | I24: 55.79 | J24: =H24*G24 -> 46.514 | K24: =I24*J24 -> 2595.0161 | M24: =L24*G24 -> 0 | N24: 0 | O24: =N24*G24 -> 0 | P24: =IF(D24="","",(K24+M24+O24)) -> 2595.0161
A25: =IF(D25=0,"",1+MAX(A$12:A24)) -> 10 | C25: Remove Existing Lighting Circuit For Parking Pole Lights | D25: 2 | E25: EA | F25: 0 | G25: =(F25*D25)+D25 -> 2 | H25: 4.312 | I25: 55.79 | J25: =H25*G25 -> 8.624 | K25: =I25*J25 -> 481.13296 | M25: =L25*G25 -> 0 | N25: 0 | O25: =N25*G25 -> 0 | P25: =IF(D25="","",(K25+M25+O25)) -> 481.13296
A26: =IF(E26=0,"",1+MAX(A22:A24)) | C26: Site Demolition
A27: =IF(D27=0,"",1+MAX(A$12:A26)) -> 11 | C27: Removed Existing Monument Sign | D27: 1 | E27: EA | F27: 0 | G27: =(F27*D27)+D27 -> 1 | H27: 6.984 | I27: 66.94 | J27: =H27*G27 -> 6.984 | K27: =I27*J27 -> 467.50896 | M27: =L27*G27 -> 0 | N27: 0 | O27: =N27*G27 -> 0 | P27: =IF(D27="","",(K27+M27+O27)) -> 467.50896
A28: =IF(D28=0,"",1+MAX(A$12:A27)) -> 12 | C28: Remove Existing Accessible Parking Signs, Retain for Relocations in New Plan. | D28: 4 | E28: EA | F28: 0 | G28: =(F28*D28)+D28 -> 4 | H28: 0.5 | I28: 66.94 | J28: =H28*G28 -> 2 | K28: =I28*J28 -> 133.88 | M28: =L28*G28 -> 0 | N28: 0 | O28: =N28*G28 -> 0 | P28: =IF(D28="","",(K28+M28+O28)) -> 133.88
A29: =IF(D29=0,"",1+MAX(A$12:A28)) -> 13 | C29: Removed Existing Tree | D29: 8 | E29: EA | F29: 0 | G29: =(F29*D29)+D29 -> 8 | H29: 5.512 | I29: 66.94 | J29: =H29*G29 -> 44.096 | K29: =I29*J29 -> 2951.7862 | M29: =L29*G29 -> 0 | N29: 0 | O29: =N29*G29 -> 0 | P29: =IF(D29="","",(K29+M29+O29)) -> 2951.7862
A30: =IF(D30=0,"",1+MAX(A$12:A29)) -> 14 | C30: Removed Existing Handicapped Signage | D30: 6 | E30: EA | F30: 0 | G30: =(F30*D30)+D30 -> 6 | H30: 0.75 | I30: 66.94 | J30: =H30*G30 -> 4.5 | K30: =I30*J30 -> 301.23 | M30: =L30*G30 -> 0 | N30: 0 | O30: =N30*G30 -> 0 | P30: =IF(D30="","",(K30+M30+O30)) -> 301.23
A31: =IF(D31=0,"",1+MAX(A$12:A30)) -> 15 | C31: Removed Existing Landscaping or Hardscape | D31: 2644.75 | E31: SF | F31: 0 | G31: =(F31*D31)+D31 -> 2644.75 | H31: 0.05 | I31: 66.94 | J31: =H31*G31 -> 132.2375 | K31: =I31*J31 -> 8851.9783 | M31: =L31*G31 -> 0 | N31: 0 | O31: =N31*G31 -> 0 | P31: =IF(D31="","",(K31+M31+O31)) -> 8851.9783
A32: =IF(D32=0,"",1+MAX(A$12:A31)) -> 16 | C32: Removed Existing Asphalt Pavement | D32: 4341.7 | E32: SF | F32: 0 | G32: =(F32*D32)+D32 -> 4341.7 | H32: 0.018 | I32: 66.94 | J32: =H32*G32 -> 78.1506 | K32: =I32*J32 -> 5231.4012 | M32: =L32*G32 -> 0 | N32: 0 | O32: =N32*G32 -> 0 | P32: =IF(D32="","",(K32+M32+O32)) -> 5231.4012
A33: =IF(D33=0,"",1+MAX(A$12:A32)) -> 17 | C33: Removed Existing Hardscape | D33: 391.1 | E33: SF | F33: 0 | G33: =(F33*D33)+D33 -> 391.1 | H33: 0.085 | I33: 66.94 | J33: =H33*G33 -> 33.2435 | K33: =I33*J33 -> 2225.3199 | M33: =L33*G33 -> 0 | N33: 0 | O33: =N33*G33 -> 0 | P33: =IF(D33="","",(K33+M33+O33)) -> 2225.3199
A34: =IF(D34=0,"",1+MAX(A$12:A33)) -> 18 | C34: Kn#24: Removed Existing Improvements | D34: 4274.52 | E34: SF | F34: 0 | G34: =(F34*D34)+D34 -> 4274.52 | H34: 0.025 | I34: 66.94 | J34: =H34*G34 -> 106.863 | K34: =I34*J34 -> 7153.4092 | M34: =L34*G34 -> 0 | N34: 0 | O34: =N34*G34 -> 0 | P34: =IF(D34="","",(K34+M34+O34)) -> 7153.4092
A35: =IF(D35=0,"",1+MAX(A$12:A34)) -> 19 | C35: Removed Existing Asphalt Striping - Surface Recoated, Sealed & Prepared for New Striping, Except Where Indicated. | D35: 2134.53 | E35: LF | F35: 0 | G35: =(F35*D35)+D35 -> 2134.53 | H35: 0.035 | I35: 66.94 | J35: =H35*G35 -> 74.70855 | K35: =I35*J35 -> 5000.9903 | M35: =L35*G35 -> 0 | N35: 0 | O35: =N35*G35 -> 0 | P35: =IF(D35="","",(K35+M35+O35)) -> 5000.9903
A36: =IF(D36=0,"",1+MAX(A$12:A35)) -> 20 | C36: Removed Existing Vinyl Fence & Gates | D36: 112.3 | E36: LF | F36: 0 | G36: =(F36*D36)+D36 -> 112.3 | H36: 0.2 | I36: 66.94 | J36: =H36*G36 -> 22.46 | K36: =I36*J36 -> 1503.4724 | M36: =L36*G36 -> 0 | N36: 0 | O36: =N36*G36 -> 0 | P36: =IF(D36="","",(K36+M36+O36)) -> 1503.4724
A37: =IF(E37=0,"",1+MAX(A23:A36)) | O37: SUBTOTAL | P37: =SUM(P22:P36) -> 39101.388
A38: =IF(E38=0,"",1+MAX(A24:A37))
A39: =IF(E39=0,"",1+MAX(A26:A38)) | B39: 03. CONCRETE
A40: =IF(E40=0,"",1+MAX(A27:A39)) | C40: Footings
A41: =IF(D41=0,"",1+MAX(A$12:A40)) | C41: Pad Footing
A42: =IF(D42=0,"",1+MAX(A$12:A41)) -> 21 | C42: F3.0: (3'-0" w x 3'-0" L x 1'-6" H) Concrete Pad Footing Reinf. w/_x000D_ - (3) #5 EW T&B Bars | D42: =(1*(3*3*1.5))/27 -> 0.5 | E42: CY | F42: 0.1 | G42: =(F42*D42)+D42 -> 0.55 | H42: 4.59 | I42: 76.58 | J42: =H42*G42 -> 2.5245 | K42: =I42*J42 -> 193.32621 | L42: 355 | M42: =L42*G42 -> 195.25 | N42: 0 | O42: =N42*G42 -> 0 | P42: =IF(D42="","",(K42+M42+O42)) -> 388.57621
A43: =IF(D43=0,"",1+MAX(A$12:A42)) -> 22 | C43: Formwork | D43: =(1*(3*1.5)*4) -> 18 | E43: SF | F43: 0.1 | G43: =(F43*D43)+D43 -> 19.8 | H43: 0.045 | I43: 76.58 | J43: =H43*G43 -> 0.891 | K43: =I43*J43 -> 68.23278 | M43: =L43*G43 -> 0 | N43: 0 | O43: =N43*G43 -> 0 | P43: =IF(D43="","",(K43+M43+O43)) -> 68.23278
A44: =IF(D44=0,"",1+MAX(A$12:A43)) -> 23 | C44: Excavation | D44: =D42*1.2 -> 0.6 | E44: CY | F44: 0.1 | G44: =(F44*D44)+D44 -> 0.66 | H44: 0.5 | I44: 76.58 | J44: =H44*G44 -> 0.33 | K44: =I44*J44 -> 25.2714 | M44: =L44*G44 -> 0 | N44: 0 | O44: =N44*G44 -> 0 | P44: =IF(D44="","",(K44+M44+O44)) -> 25.2714
A45: =IF(D45=0,"",1+MAX(A$12:A44))
A46: =IF(D46=0,"",1+MAX(A$12:A45)) -> 24 | C46: F4.5: (4'-6" w x 4'-6" L x 1'-6" H) Concrete Pad Footing Reinf. w/_x000D_ - (3) #5 EW T&B Bars | D46: =(2*(4.5*4.5*1.5))/27 -> 2.25 | E46: CY | F46: 0.1 | G46: =(F46*D46)+D46 -> 2.475 | H46: 4.59 | I46: 76.58 | J46: =H46*G46 -> 11.36025 | K46: =I46*J46 -> 869.96794 | L46: 355 | M46: =L46*G46 -> 878.625 | N46: 0 | O46: =N46*G46 -> 0 | P46: =IF(D46="","",(K46+M46+O46)) -> 1748.5929
A47: =IF(D47=0,"",1+MAX(A$12:A46)) -> 25 | C47: Formwork | D47: =(2*(4.5*1.5)*4) -> 54 | E47: SF | F47: 0.1 | G47: =(F47*D47)+D47 -> 59.4 | H47: 0.045 | I47: 76.58 | J47: =H47*G47 -> 2.673 | K47: =I47*J47 -> 204.69834 | M47: =L47*G47 -> 0 | N47: 0 | O47: =N47*G47 -> 0 | P47: =IF(D47="","",(K47+M47+O47)) -> 204.69834
A48: =IF(D48=0,"",1+MAX(A$12:A47)) -> 26 | C48: Excavation | D48: =D46*1.2 -> 2.7 | E48: CY | F48: 0.1 | G48: =(F48*D48)+D48 -> 2.97 | H48: 0.5 | I48: 76.58 | J48: =H48*G48 -> 1.485 | K48: =I48*J48 -> 113.7213 | M48: =L48*G48 -> 0 | N48: 0 | O48: =N48*G48 -> 0 | P48: =IF(D48="","",(K48+M48+O48)) -> 113.7213
A49: =IF(D49=0,"",1+MAX(A$12:A48))
A50: =IF(D50=0,"",1+MAX(A$12:A49)) -> 27 | C50: F5.0: (5'-0" w x 5'-0" L x 1'-6" H) Concrete Pad Footing Reinf. w/_x000D_ - (3) #5 EW T&B Bars | D50: =(2*(5*5*1.5))/27 -> 2.7777778 | E50: CY | F50: 0.1 | G50: =(F50*D50)+D50 -> 3.0555556 | H50: 4.59 | I50: 76.58 | J50: =H50*G50 -> 14.025 | K50: =I50*J50 -> 1074.0345 | L50: 355 | M50: =L50*G50 -> 1084.7222 | N50: 0 | O50: =N50*G50 -> 0 | P50: =IF(D50="","",(K50+M50+O50)) -> 2158.7567
A51: =IF(D51=0,"",1+MAX(A$12:A50)) -> 28 | C51: Formwork | D51: =(2*(5*1.5)*4) -> 60 | E51: SF | F51: 0.1 | G51: =(F51*D51)+D51 -> 66 | H51: 0.045 | I51: 76.58 | J51: =H51*G51 -> 2.97 | K51: =I51*J51 -> 227.4426 | M51: =L51*G51 -> 0 | N51: 0 | O51: =N51*G51 -> 0 | P51: =IF(D51="","",(K51+M51+O51)) -> 227.4426
A52: =IF(D52=0,"",1+MAX(A$12:A51)) -> 29 | C52: Excavation | D52: =D50*1.2 -> 3.3333333 | E52: CY | F52: 0.1 | G52: =(F52*D52)+D52 -> 3.6666667 | H52: 0.5 | I52: 76.58 | J52: =H52*G52 -> 1.8333333 | K52: =I52*J52 -> 140.39667 | M52: =L52*G52 -> 0 | N52: 0 | O52: =N52*G52 -> 0 | P52: =IF(D52="","",(K52+M52+O52)) -> 140.39667
A53: =IF(D53=0,"",1+MAX(A$12:A52)) | C53: Continuous Footing
A54: =IF(D54=0,"",1+MAX(A$12:A53)) -> 30 | C54: (1'-6" w x 2'-0" H) Continuous Concrete Footing Reinf. w/_x000D_ - (4) #4 Bars T&B_x000D_ - #3 Dowels @ 24" O.C. ,36" Min. Lap | D54: =(282.29*1.5*2)/27 -> 31.365556 | E54: CY | F54: 0.1 | G54: =(F54*D54)+D54 -> 34.502111 | H54: 3.32 | I54: 76.58 | J54: =H54*G54 -> 114.54701 | K54: =I54*J54 -> 8772.0099 | L54: 355 | M54: =L54*G54 -> 12248.249 | N54: 0 | O54: =N54*G54 -> 0 | P54: =IF(D54="","",(K54+M54+O54)) -> 21020.259
A55: =IF(D55=0,"",1+MAX(A$12:A54)) -> 31 | C55: Formwork | D55: =(282.29*2)*2 -> 1129.16 | E55: SF | F55: 0.1 | G55: =(F55*D55)+D55 -> 1242.076 | H55: 0.045 | I55: 76.58 | J55: =H55*G55 -> 55.89342 | K55: =I55*J55 -> 4280.3181 | M55: =L55*G55 -> 0 | N55: 0 | O55: =N55*G55 -> 0 | P55: =IF(D55="","",(K55+M55+O55)) -> 4280.3181
A56: =IF(D56=0,"",1+MAX(A$12:A55)) -> 32 | C56: Excavation | D56: =D54*1.2 -> 37.638667 | E56: CY | F56: 0.1 | G56: =(F56*D56)+D56 -> 41.402533 | H56: 0.5 | I56: 76.58 | J56: =H56*G56 -> 20.701267 | K56: =I56*J56 -> 1585.303 | M56: =L56*G56 -> 0 | N56: 0 | O56: =N56*G56 -> 0 | P56: =IF(D56="","",(K56+M56+O56)) -> 1585.303
A57: =IF(D57=0,"",1+MAX(A$12:A56))
A58: =IF(D58=0,"",1+MAX(A$12:A57)) -> 33 | C58: (1'-6" w x 2'-0" H) Continuous Concrete Footing Reinf. w/ - (4) #4 Bars T&B - #4 Dowel @ 48" O.C. | D58: =(116.36*1.5*2)/27 -> 12.928889 | E58: CY | F58: 0.1 | G58: =(F58*D58)+D58 -> 14.221778 | H58: 3.32 | I58: 76.58 | J58: =H58*G58 -> 47.216302 | K58: =I58*J58 -> 3615.8244 | L58: 355 | M58: =L58*G58 -> 5048.7311 | N58: 0 | O58: =N58*G58 -> 0 | P58: =IF(D58="","",(K58+M58+O58)) -> 8664.5555
A59: =IF(D59=0,"",1+MAX(A$12:A58)) -> 34 | C59: Formwork | D59: =(282.29*2)*2 -> 1129.16 | E59: SF | F59: 0.1 | G59: =(F59*D59)+D59 -> 1242.076 | H59: 0.045 | I59: 76.58 | J59: =H59*G59 -> 55.89342 | K59: =I59*J59 -> 4280.3181 | M59: =L59*G59 -> 0 | N59: 0 | O59: =N59*G59 -> 0 | P59: =IF(D59="","",(K59+M59+O59)) -> 4280.3181
A60: =IF(D60=0,"",1+MAX(A$12:A59)) -> 35 | C60: Excavation | D60: =D58*1.2 -> 15.514667 | E60: CY | F60: 0.1 | G60: =(F60*D60)+D60 -> 17.066133 | H60: 0.5 | I60: 76.58 | J60: =H60*G60 -> 8.5330667 | K60: =I60*J60 -> 653.46225 | M60: =L60*G60 -> 0 | N60: 0 | O60: =N60*G60 -> 0 | P60: =IF(D60="","",(K60+M60+O60)) -> 653.46225
A61: =IF(D61=0,"",1+MAX(A$12:A60))
A62: =IF(D62=0,"",1+MAX(A$12:A61)) -> 36 | C62: (1'-0" w x 8" H) Continuous Concrete Footing Reinf. w/_x000D_ - #5 Cont. Bar | D62: =(9.15*1*0.67)/27 -> 0.22705556 | E62: CY | F62: 0.1 | G62: =(F62*D62)+D62 -> 0.24976111 | H62: 3.32 | I62: 76.58 | J62: =H62*G62 -> 0.82920689 | K62: =I62*J62 -> 63.500664 | L62: 355 | M62: =L62*G62 -> 88.665194 | N62: 0 | O62: =N62*G62 -> 0 | P62: =IF(D62="","",(K62+M62+O62)) -> 152.16586
A63: =IF(D63=0,"",1+MAX(A$12:A62)) -> 37 | C63: Formwork | D63: =(9.15*0.67)*2 -> 12.261 | E63: SF | F63: 0.1 | G63: =(F63*D63)+D63 -> 13.4871 | H63: 0.045 | I63: 76.58 | J63: =H63*G63 -> 0.6069195 | K63: =I63*J63 -> 46.477895 | M63: =L63*G63 -> 0 | N63: 0 | O63: =N63*G63 -> 0 | P63: =IF(D63="","",(K63+M63+O63)) -> 46.477895
A64: =IF(D64=0,"",1+MAX(A$12:A63)) -> 38 | C64: Excavation | D64: =D62*1.2 -> 0.27246667 | E64: CY | F64: 0.1 | G64: =(F64*D64)+D64 -> 0.29971333 | H64: 0.5 | I64: 76.58 | J64: =H64*G64 -> 0.14985667 | K64: =I64*J64 -> 11.476024 | M64: =L64*G64 -> 0 | N64: 0 | O64: =N64*G64 -> 0 | P64: =IF(D64="","",(K64+M64+O64)) -> 11.476024
C65: Stem Wall
A66: =IF(D66=0,"",1+MAX(A$12:A65)) -> 39 | C66: 8" CIP Concrete Stem Wall Reinf. w/ (H=3'-6") - #4 Vertical @ 16" O.C. - #4 Horizontal @ 12" O.C. | D66: =(34.18*0.67*3.5)/27 -> 2.9685963 | E66: CY | F66: 0.1 | G66: =(F66*D66)+D66 -> 3.2654559 | H66: 3.7 | I66: 76.58 | J66: =H66*G66 -> 12.082187 | K66: =I66*J66 -> 925.25387 | L66: 355 | M66: =L66*G66 -> 1159.2369 | N66: 0 | O66: =N66*G66 -> 0 | P66: =IF(D66="","",(K66+M66+O66)) -> 2084.4907
A67: =IF(D67=0,"",1+MAX(A$12:A66)) -> 40 | C67: Formwork | D67: =(34.18*3.5)*2 -> 239.26 | E67: SF | F67: 0.1 | G67: =(F67*D67)+D67 -> 263.186 | H67: 0.045 | I67: 76.58 | J67: =H67*G67 -> 11.84337 | K67: =I67*J67 -> 906.96527 | M67: =L67*G67 -> 0 | N67: 0 | O67: =N67*G67 -> 0 | P67: =IF(D67="","",(K67+M67+O67)) -> 906.96527
A68: =IF(D68=0,"",1+MAX(A$12:A67)) -> 41 | C68: Excavation | D68: =D66*1.2 -> 3.5623156 | E68: CY | F68: 0.1 | G68: =(F68*D68)+D68 -> 3.9185471 | H68: 0.5 | I68: 76.58 | J68: =H68*G68 -> 1.9592736 | K68: =I68*J68 -> 150.04117 | M68: =L68*G68 -> 0 | N68: 0 | O68: =N68*G68 -> 0 | P68: =IF(D68="","",(K68+M68+O68)) -> 150.04117
C69: Slabs
A70: =IF(D70=0,"",1+MAX(A$12:A69)) -> 42 | C70: 3-1/2" Normal Wt. Concrete Slab Reinf. w/ _x000D_ - WW 4x4-W1.4xW1.4 _x000D_ - 3/4" Dia. Puddle Welds @ 12" O.C. @ All Supports | D70: 113.26 | E70: SF | F70: 0.1 | G70: =(F70*D70)+D70 -> 124.586 | H70: 0.052 | I70: 76.58 | J70: =H70*G70 -> 6.478472 | K70: =I70*J70 -> 496.12139 | L70: 4.21 | M70: =L70*G70 -> 524.50706 | N70: 0 | O70: =N70*G70 -> 0 | P70: =IF(D70="","",(K70+M70+O70)) -> 1020.6284
A71: =IF(D71=0,"",1+MAX(A$12:A70)) -> 43 | C71: Formwork | D71: =0.29*61.59 -> 17.8611 | E71: SF | F71: 0.1 | G71: =(F71*D71)+D71 -> 19.64721 | H71: 0.045 | I71: 76.58 | J71: =H71*G71 -> 0.88412445 | K71: =I71*J71 -> 67.70625 | M71: =L71*G71 -> 0 | N71: 0 | O71: =N71*G71 -> 0 | P71: =IF(D71="","",(K71+M71+O71)) -> 67.70625
A72: =IF(D72=0,"",1+MAX(A$12:A71))
A73: =IF(D73=0,"",1+MAX(A$12:A72)) -> 44 | C73: 6" Thick Concrete Slab Reinf. w/_x000D_ - #4 Bars @ 12" O.C. E.W. | D73: 3824.62 | E73: SF | F73: 0.1 | G73: =(F73*D73)+D73 -> 4207.082 | H73: 0.064 | I73: 76.58 | J73: =H73*G73 -> 269.25325 | K73: =I73*J73 -> 20619.414 | L73: 6.57 | M73: =L73*G73 -> 27640.529 | N73: 0 | O73: =N73*G73 -> 0 | P73: =IF(D73="","",(K73+M73+O73)) -> 48259.942
A74: =IF(D74=0,"",1+MAX(A$12:A73)) -> 45 | C74: Formwork | D74: =0.5*356.33 -> 178.165 | E74: SF | F74: 0.1 | G74: =(F74*D74)+D74 -> 195.9815 | H74: 0.045 | I74: 76.58 | J74: =H74*G74 -> 8.8191675 | K74: =I74*J74 -> 675.37185 | M74: =L74*G74 -> 0 | N74: 0 | O74: =N74*G74 -> 0 | P74: =IF(D74="","",(K74+M74+O74)) -> 675.37185
A75: =IF(D75=0,"",1+MAX(A$12:A74))
A76: =IF(D76=0,"",1+MAX(A$12:A75)) -> 46 | C76: 12" Thick Concrete Pad Reinf.w/ - #4 @ 12" O.C. Bars E.W. - w/ 1-1/2" DP x 12" Key @ 36" O.C. | D76: 109.44 | E76: SF | F76: 0.1 | G76: =(F76*D76)+D76 -> 120.384 | H76: 0.12 | I76: 76.58 | J76: =H76*G76 -> 14.44608 | K76: =I76*J76 -> 1106.2808 | L76: 15.28 | M76: =L76*G76 -> 1839.4675 | N76: 0 | O76: =N76*G76 -> 0 | P76: =IF(D76="","",(K76+M76+O76)) -> 2945.7483
A77: =IF(D77=0,"",1+MAX(A$12:A76)) -> 47 | C77: Formwork | D77: =1*41.99 -> 41.99 | E77: SF | F77: 0.1 | G77: =(F77*D77)+D77 -> 46.189 | H77: 0.045 | I77: 76.58 | J77: =H77*G77 -> 2.078505 | K77: =I77*J77 -> 159.17191 | M77: =L77*G77 -> 0 | N77: 0 | O77: =N77*G77 -> 0 | P77: =IF(D77="","",(K77+M77+O77)) -> 159.17191
C78: Thickened Edges
A79: =IF(D79=0,"",1+MAX(A$12:A78)) -> 48 | C79: (6" w x 6" H) Concrete Thickened Edge Reinforced | D79: =(494.87*0.5*0.5)/27 -> 4.5821296 | E79: CY | F79: 0.1 | G79: =(F79*D79)+D79 -> 5.0403426 | H79: 3.25 | I79: 76.58 | J79: =H79*G79 -> 16.381113 | K79: =I79*J79 -> 1254.4657 | L79: 355 | M79: =L79*G79 -> 1789.3216 | N79: 0 | O79: =N79*G79 -> 0 | P79: =IF(D79="","",(K79+M79+O79)) -> 3043.7873
A80: =IF(D80=0,"",1+MAX(A$12:A79)) -> 49 | C80: Formwork | D80: =(494.87*0.5)*2 -> 494.87 | E80: SF | F80: 0.1 | G80: =(F80*D80)+D80 -> 544.357 | H80: 0.045 | I80: 76.58 | J80: =H80*G80 -> 24.496065 | K80: =I80*J80 -> 1875.9087 | M80: =L80*G80 -> 0 | N80: 0 | O80: =N80*G80 -> 0 | P80: =IF(D80="","",(K80+M80+O80)) -> 1875.9087
A81: =IF(D81=0,"",1+MAX(A$12:A80))
A82: =IF(D82=0,"",1+MAX(A$12:A81)) -> 50 | C82: (8" w x 8" H) Concrete Thickened Edge Reinforced | D82: =(19.34*0.67*0.67)/27 -> 0.32154541 | E82: CY | F82: 0.1 | G82: =(F82*D82)+D82 -> 0.35369995 | H82: 3.25 | I82: 76.58 | J82: =H82*G82 -> 1.1495248 | K82: =I82*J82 -> 88.030612 | L82: 355 | M82: =L82*G82 -> 125.56348 | N82: 0 | O82: =N82*G82 -> 0 | P82: =IF(D82="","",(K82+M82+O82)) -> 213.59409
A83: =IF(D83=0,"",1+MAX(A$12:A82)) -> 51 | C83: Formwork | D83: =(19.34*0.67)*2 -> 25.9156 | E83: SF | F83: 0.1 | G83: =(F83*D83)+D83 -> 28.50716 | H83: 0.045 | I83: 76.58 | J83: =H83*G83 -> 1.2828222 | K83: =I83*J83 -> 98.238524 | M83: =L83*G83 -> 0 | N83: 0 | O83: =N83*G83 -> 0 | P83: =IF(D83="","",(K83+M83+O83)) -> 98.238524
A84: =IF(E84=0,"",1+MAX(#REF!)) | O84: SUBTOTAL | P84: =SUM(P39:P83) -> 107271.62
A85: =IF(E85=0,"",1+MAX(A84:A84))
A86: =IF(E86=0,"",1+MAX(A85:A85)) | B86: 05. METALS
A87: =IF(E87=0,"",1+MAX(A85:A86)) | C87: Columns
A88: =IF(D88=0,"",1+MAX(A$12:A87)) -> 52 | C88: C1: HSS 4x4x1/4 Steel Column (H=27'-4")_x000D_ - 3/4" Thick Base Plate w/_x000D_ - (2) 7/8" Dia. x 16" Emb. | D88: 3 | E88: EA | F88: 0 | G88: =(F88*D88)+D88 -> 3 | H88: 11.418 | I88: 91.2 | J88: =H88*G88 -> 34.254 | K88: =I88*J88 -> 3123.9648 | L88: =311.28/12*27.33 -> 708.9402 | M88: =L88*G88 -> 2126.8206 | N88: 0 | O88: =N88*G88 -> 0 | P88: =IF(D88="","",(K88+M88+O88)) -> 5250.7854
A89: =IF(D89=0,"",1+MAX(A$12:A88)) -> 53 | C89: C2: HSS 4x4x1/4 Steel Column (H=27'-4")_x000D_ - 3/4" Thick Base Plate w/_x000D_ - (2) 7/8" Dia. x 9" Emb. | D89: 13 | E89: EA | F89: 0 | G89: =(F89*D89)+D89 -> 13 | H89: 11.418 | I89: 91.2 | J89: =H89*G89 -> 148.434 | K89: =I89*J89 -> 13537.181 | L89: =311.28/12*27.33 -> 708.9402 | M89: =L89*G89 -> 9216.2226 | N89: 0 | O89: =N89*G89 -> 0 | P89: =IF(D89="","",(K89+M89+O89)) -> 22753.403
A90: =IF(D90=0,"",1+MAX(A$12:A89)) -> 54 | C90: C3: W14x159 Steel Column (H=27'-4")_x000D_ - 17"x17"x3/4" Thick Base Plate w/_x000D_ - (4) 7/8" Dia. x 16" Emb. | D90: 2 | E90: EA | F90: 0 | G90: =(F90*D90)+D90 -> 2 | H90: 59.56 | I90: 91.2 | J90: =H90*G90 -> 119.12 | K90: =I90*J90 -> 10863.744 | L90: =159*1.45*27.33 -> 6300.9315 | M90: =L90*G90 -> 12601.863 | N90: 0 | O90: =N90*G90 -> 0 | P90: =IF(D90="","",(K90+M90+O90)) -> 23465.607
A91: =IF(D91=0,"",1+MAX(A$12:A90)) -> 55 | C91: C4: HSS 5-1/2x5-1/2x1/4 Steel Column (H=27'-4")_x000D_ - 5-1/2"x12"x1/2" Thick Base Plate w/_x000D_ - (2) 7/8" Dia. x 9" Emb. | D91: 3 | E91: EA | F91: 0 | G91: =(F91*D91)+D91 -> 3 | H91: 16.292 | I91: 91.2 | J91: =H91*G91 -> 48.876 | K91: =I91*J91 -> 4457.4912 | L91: =351.4/10*27.33*5.5*5.5/25 -> 1162.0552 | M91: =L91*G91 -> 3486.1656 | N91: 0 | O91: =N91*G91 -> 0 | P91: =IF(D91="","",(K91+M91+O91)) -> 7943.6568
A92: =IF(E92=0,"",1+MAX(A85:A88)) | C92: Beams
A93: =IF(D93=0,"",1+MAX(A$12:A92)) -> 56 | C93: W18x35 Steel Beam | D93: 84.08 | E93: LF | F93: 0.1 | G93: =(F93*D93)+D93 -> 92.488 | H93: 0.896 | I93: 91.2 | J93: =H93*G93 -> 82.869248 | K93: =I93*J93 -> 7557.6754 | L93: =787.5/10 -> 78.75 | M93: =L93*G93 -> 7283.43 | N93: 0 | O93: =N93*G93 -> 0 | P93: =IF(D93="","",(K93+M93+O93)) -> 14841.105
A94: =IF(D94=0,"",1+MAX(A$12:A93)) -> 57 | C94: W8x15 Steel Beam | D94: 32.43 | E94: LF | F94: 0.1 | G94: =(F94*D94)+D94 -> 35.673 | H94: 0.529 | I94: 91.2 | J94: =H94*G94 -> 18.871017 | K94: =I94*J94 -> 1721.0368 | L94: =179.35/5 -> 35.87 | M94: =L94*G94 -> 1279.5905 | N94: 0 | O94: =N94*G94 -> 0 | P94: =IF(D94="","",(K94+M94+O94)) -> 3000.6273
A95: =IF(D95=0,"",1+MAX(A$12:A94)) -> 58 | C95: W8x15 Steel Hoist Beam | D95: 8.97 | E95: LF | F95: 0.1 | G95: =(F95*D95)+D95 -> 9.867 | H95: 0.529 | I95: 91.2 | J95: =H95*G95 -> 5.219643 | K95: =I95*J95 -> 476.03144 | L95: =179.35/5 -> 35.87 | M95: =L95*G95 -> 353.92929 | N95: 0 | O95: =N95*G95 -> 0 | P95: =IF(D95="","",(K95+M95+O95)) -> 829.96073
A96: =IF(D96=0,"",1+MAX(A$12:A95)) -> 59 | C96: HSS7x5x1/2 Girt Flat Beam | D96: 54.75 | E96: LF | F96: 0.1 | G96: =(F96*D96)+D96 -> 60.225 | H96: 0.682 | I96: 91.2 | J96: =H96*G96 -> 41.07345 | K96: =I96*J96 -> 3745.8986 | L96: =407.44/8 -> 50.93 | M96: =L96*G96 -> 3067.2593 | N96: 0 | O96: =N96*G96 -> 0 | P96: =IF(D96="","",(K96+M96+O96)) -> 6813.1579
A97: =IF(D97=0,"",1+MAX(A$12:A96)) -> 60 | C97: HSS12x2x1/4 Steel Beam | D97: 62.48 | E97: LF | F97: 0.1 | G97: =(F97*D97)+D97 -> 68.728 | H97: 0.829 | I97: 91.2 | J97: =H97*G97 -> 56.975512 | K97: =I97*J97 -> 5196.1667 | L97: =143.52/2 -> 71.76 | M97: =L97*G97 -> 4931.9213 | N97: 0 | O97: =N97*G97 -> 0 | P97: =IF(D97="","",(K97+M97+O97)) -> 10128.088
A98: =IF(D98=0,"",1+MAX(A$12:A97)) -> 61 | C98: C8x13.5 Steel Beam | D98: 9.91 | E98: LF | F98: 0.1 | G98: =(F98*D98)+D98 -> 10.901 | H98: 0.496 | I98: 91.2 | J98: =H98*G98 -> 5.406896 | K98: =I98*J98 -> 493.10892 | L98: =120/4 -> 30 | M98: =L98*G98 -> 327.03 | N98: 0 | O98: =N98*G98 -> 0 | P98: =IF(D98="","",(K98+M98+O98)) -> 820.13892
A99: =IF(D99=0,"",1+MAX(A$12:A98)) -> 62 | C99: W18x76 Steel Beam | D99: 23.56 | E99: LF | F99: 0.1 | G99: =(F99*D99)+D99 -> 25.916 | H99: 1.974 | I99: 91.2 | J99: =H99*G99 -> 51.158184 | K99: =I99*J99 -> 4665.6264 | L99: =2.14*76 -> 162.64 | M99: =L99*G99 -> 4214.9782 | N99: 0 | O99: =N99*G99 -> 0 | P99: =IF(D99="","",(K99+M99+O99)) -> 8880.6046
A100: =IF(D100=0,"",1+MAX(A$12:A99)) -> 63 | C100: W16x76 Steel Beam | D100: 23.35 | E100: LF | F100: 0.1 | G100: =(F100*D100)+D100 -> 25.685 | H100: 1.974 | I100: 91.2 | J100: =H100*G100 -> 50.70219 | K100: =I100*J100 -> 4624.0397 | L100: =2.14*76 -> 162.64 | M100: =L100*G100 -> 4177.4084 | N100: 0 | O100: =N100*G100 -> 0 | P100: =IF(D100="","",(K100+M100+O100)) -> 8801.4481
A101: =IF(D101=0,"",1+MAX(A$12:A100)) -> 64 | C101: G1: HSS6x4x1/4 Flat Girt Steel Beam | D101: 30.44 | E101: LF | F101: 0.1 | G101: =(F101*D101)+D101 -> 33.484 | H101: 0.578 | I101: 91.2 | J101: =H101*G101 -> 19.353752 | K101: =I101*J101 -> 1765.0622 | L101: =319.2/8 -> 39.9 | M101: =L101*G101 -> 1336.0116 | N101: 0 | O101: =N101*G101 -> 0 | P101: =IF(D101="","",(K101+M101+O101)) -> 3101.0738
A102: =IF(E102=0,"",1+MAX(A85:A93)) | C102: Metal Framing
A103: =IF(E103=0,"",1+MAX(A86:A102)) | C103: Floor Framing
A104: =IF(D104=0,"",1+MAX(A$12:A103)) -> 65 | C104: FJI1: 26" 'G2T-V' Floor Joists @ 24" O.C. (3068.78 SF) - Or 26" RED-L Joists @ 16" O.C. - 1-1/2" Thick LWC Floor Topping | D104: 1548.7 | E104: LF | F104: 0.1 | G104: =(F104*D104)+D104 -> 1703.57 | H104: 0.085 | I104: 91.2 | J104: =H104*G104 -> 144.80345 | K104: =I104*J104 -> 13206.075 | L104: 6.67 | M104: =L104*G104 -> 11362.812 | N104: 0 | O104: =N104*G104 -> 0 | P104: =IF(D104="","",(K104+M104+O104)) -> 24568.887
A105: =IF(D105=0,"",1+MAX(A$12:A104)) -> 66 | C105: FJI2: 2x12 Floor Joists @ 16" O.C. (269.16 SF) - 1-1/2" Thick LWC Floor Topping | D105: 205.26 | E105: LF | F105: 0.1 | G105: =(F105*D105)+D105 -> 225.786 | H105: 0.087 | I105: 91.2 | J105: =H105*G105 -> 19.643382 | K105: =I105*J105 -> 1791.4764 | L105: 6.74 | M105: =L105*G105 -> 1521.7976 | N105: 0 | O105: =N105*G105 -> 0 | P105: =IF(D105="","",(K105+M105+O105)) -> 3313.2741
...
